 Dungeon Crawl Stone Soup version 0.20-a0-991-g93344ec (webtiles) character file.

9547 Ordine the Thaumaturge (level 11, -20/85 HPs)
             Began as an Octopode Transmuter on Apr 11, 2017.
             Was a High Priest of Cheibriados.
             Demolished by a komodo dragon (23 damage)
             ... on level 1 of the Lair of Beasts.
             The game lasted 00:41:29 (14152 turns).

Ordine the Thaumaturge (Octopode Transmuter)       Turns: 14152, Time: 00:41:30

Health: -20/85     AC: 10    Str: 21    XL:     11   Next: 48%
Magic:  34/34      EV: 15    Int: 31    God:    Cheibriados [*****.]
Gold:   82         SH:  2    Dex: 25    Spells: 23/30 levels left

rFire    x . .     SeeInvis .     - Unarmed
rCold    + + +     Gourm    .   (shield currently unavailable)
rNeg     . . .     Faith    .   (helmet currently unavailable)
rPois    +         Spirit   .   w - +2 amulet of reflection
rElec    .         Reflect  +   f - ring of protection from magic
rCorr    .         Harm     .   y - ring of magical power
MR       +....                  J - +3 ring of protection
Stlth    +++++.....             (no ring)
Regen    0.3/turn               (no ring)
MPRegen  0.3/turn               (no ring)
                                (no ring)
                                (no ring)

@: ice-form, very slow
A: almost no armour, stealthy swim, amphibious, 8 rings, (constrict 8)
a: End Transformation, Bend Time, Temporal Distortion, Slouch, Step From Time,
Renounce Religion


You were on level 1 of the Lair of Beasts.
You worshipped Cheibriados.
Cheibriados was extremely pleased with you.
You were hungry.
You were a creature of crystalline ice.
You visited 3 branches of the dungeon, and saw 12 of its levels.
You also visited: Sewer and Ossuary.

You collected 659 gold pieces.
You spent 577 gold pieces at shops.

Inventory:

Hand Weapons
 P - a +9 blowgun
Missiles
 a - 576 stones (quivered)
 k - 44 poisoned needles
 p - 12 needles of sleeping
 r - 12 javelins
 z - 4 needles of paralysis
 O - 11 tomahawks of dispersal
Magical Staves
 N - an uncursed staff of death
Jewellery
 f - a ring of protection from magic (left front paw)
 w - a +2 amulet of reflection (around neck)
 y - a ring of magical power (right front paw)
 D - an uncursed amulet of magic regeneration
 J - a +3 ring of protection (on tentacle)
Wands
 i - a wand of confusion (31/48)
 B - a wand of acid (8/15)
Scrolls
 g - 2 scrolls of teleportation
 j - 2 scrolls of fog
 v - 3 scrolls of immolation
 C - 3 scrolls of magic mapping
 E - a scroll of vulnerability
 F - 2 scrolls of remove curse
 G - a scroll of identify
 H - a scroll of amnesia
 I - 2 scrolls of enchant weapon
Potions
 m - 4 potions of flight
 n - a potion of magic
 q - 3 potions of curing
 s - 3 potions of agility
 L - 2 potions of resistance
 Q - a potion of mutation
Books
 b - a book of Changes

   Spells                             Type                      Level
   a - Beastly Appendage              Transmutation                1
   b - Sticks to Snakes               Transmutation                2
   c - Spider Form                    Transmutation/Poison         3
   d - Ice Form                       Ice/Transmutation            4
   e - Blade Hands                    Transmutation                5
 d - a book of Minor Magic

   Spells                             Type                      Level
   a - Magic Dart                     Conjuration                  1
   b - Blink                          Translocation                2
   c - Call Imp                       Summoning                    2
   d - Slow                           Hexes                        2
   e - Conjure Flame                  Conjuration/Fire             3
   f - Mephitic Cloud                 Conjuration/Poison/Air       3
 o - a book of Misfortune

   Spells                             Type                      Level
   a - Confusing Touch                Hexes                        1
   b - Confuse                        Hexes                        3
   c - Gell's Gravitas                Translocation                3
   d - Petrify                        Transmutation/Earth          4
   e - Metabolic Englaciation         Hexes/Ice                    5
   f - Yara's Violent Unravelling     Hexes/Transmutation          5
 t - a book of Misfortune

   Spells                             Type                      Level
   a - Confusing Touch                Hexes                        1
   b - Confuse                        Hexes                        3
   c - Gell's Gravitas                Translocation                3
   d - Petrify                        Transmutation/Earth          4
   e - Metabolic Englaciation         Hexes/Ice                    5
   f - Yara's Violent Unravelling     Hexes/Transmutation          5
 x - a book of Misfortune

   Spells                             Type                      Level
   a - Confusing Touch                Hexes                        1
   b - Confuse                        Hexes                        3
   c - Gell's Gravitas                Translocation                3
   d - Petrify                        Transmutation/Earth          4
   e - Metabolic Englaciation         Hexes/Ice                    5
   f - Yara's Violent Unravelling     Hexes/Transmutation          5
 A - a book of Necromancy

   Spells                             Type                      Level
   a - Pain                           Necromancy                   1
   b - Animate Skeleton               Necromancy                   1
   c - Vampiric Draining              Necromancy                   3
   d - Regeneration                   Charms/Necromancy            3
   e - Animate Dead                   Necromancy                   4
   f - Control Undead                 Necromancy                   4
Comestibles
 c - 11 bread rations
 h - 6 meat rations
 K - 3 fruits
 M - a royal jelly


   Skills:
 + Level 5.0 Fighting
 + Level 5.6 Dodging
 + Level 8.8 Stealth
 + Level 7.4 Unarmed Combat
 * Level 10.1 Spellcasting
 + Level 8.1 Transmutations


You had 23 spell levels left.
You knew the following spells:

 Your Spells              Type           Power        Failure   Level  Hunger
a - Spider Form           Tmut/Pois      #####.....   1%          3    None
b - Ice Form              Ice/Tmut       #####...     8%          4    None


Dungeon Overview and Level Annotations

Branches:
Dungeon (10/15)            Temple (1/1) D:4            Lair (1/6) D:9
    Orc: D:9-12

Altars:
Ashenzari
Cheibriados
Dithmenos
Elyvilon
Fedhas
Gozag
Hepliaklqana
Kikubaaqudgha
Makhleb
Nemelex Xobeh
Okawaru
Qazlal
Ru
Sif Muna
Trog
Uskayaw
Vehumet
Wu Jian
Xom
Yredelemnul
Zin
The Shining One

Shops:
D:5 [((

Annotations:
D:10 Sonja


Innate Abilities, Weirdness & Mutations

You cannot wear most types of armour.
You are very stealthy in the water. (Stealth+)
You are amphibious.
You can wear up to eight rings at the same time.
((You can use your tentacles to constrict eight enemies at once.))
((Your skin changes colour to match your surroundings (Stealth+).))
((Your rubbery body absorbs attacks. (AC +1, EV +1)))


Message History

You pummel the komodo dragon!! You freeze the komodo dragon!
You kill the komodo dragon!
Cheibriados appreciates the change of pace.
You hit the komodo dragon. You freeze the komodo dragon.
The komodo dragon is lightly wounded.
You block the komodo dragon's attack.
You punch the komodo dragon! You freeze the komodo dragon.
The komodo dragon is heavily wounded.
The komodo dragon bites you!!
* * * LOW HITPOINT WARNING * * *
Okay, then.
As you read the scroll of fear, it crumbles to dust.
You assume a fearsome visage.
The komodo dragon looks frightened!
The komodo dragon bites the plant!!
As you read the scroll of fear, it crumbles to dust.
You assume a fearsome visage.
Nothing appears to happen.
As you read the scroll of fear, it crumbles to dust.
You assume a fearsome visage.
Nothing appears to happen.
The komodo dragon bites you!!
You die...

#............#
#.<.....#....#
#.......#....#
#.[...#......#
#...#.###.#.#...
#.....# #.####
#...### #....##
#...##..#.....#
#...##..###Y..#
#...#. ...#.l.#
#..$#.###.#
#.l..#†#
#(..#...#
##.)#P.P#
#..#P..#
#%.##.... ###
#..#..


You could see a komodo dragon.

Vanquished Creatures
  2 two-headed ogres (D:9)
  The ghost of Ordine the Thaumaturge, a novice OpTm (D:8)
  The ghost of M4edhros the Jinx, a novice FoAM (D:5)
  Joseph (D:7)
  2 komodo dragons (Lair:1)
  The ghost of Ordine the Sneak, an amateur OpTm (Ossuary)
  A spriggan (D:7)
  A wraith (D:10)
  9 yaks
  A human (D:3)
  A hungry ghost (D:8)
  Purgy (Sewer)
  3 ice beasts
  A porcupine (D:9)
  3 black bears
  3 orc warriors
  A sky beast (D:10)
  5 ogres
  3 phantoms
  A centaur (D:10)
  3 big kobolds
  3 elf zombies (Ossuary)
  4 bullfrogs
  2 scorpions
  4 wights (D:7)
  4 crimson imps
  6 centaur zombies (Ossuary)
  3 human zombies (Ossuary)
  6 hounds
  A quasit (D:6)
  A gnoll shaman (D:6)
  4 orc priests
  2 jellies
  5 orc wizards
  6 iguanas
  2 bullfrog skeletons
  9 worker ants
  2 hound skeletons
  3 mummies (Ossuary)
  A worker ant zombie (D:9)
  7 gnolls
  A howler monkey skeleton (D:10)
  10 adders
  4 shadow imps
  2 adder skeletons
  2 adder zombies
  A worm (D:2)
  3 dart slugs
  2 leopard geckos
  16 orcs
  3 ball pythons
  9 giant cockroaches
  9 hobgoblins
  2 jackals (Sewer)
  26 kobolds
  7 quokkas
  10 bats
  10 frilled lizards
  4 goblins
  A goblin zombie (D:8)
  A jackal skeleton (D:7)
  A kobold skeleton (D:3)
  2 leopard gecko skeletons
  12 rats
  A rat zombie (D:8)
259 creatures vanquished.

Notes
Turn   | Place    | Note
-------+----------+-------------------------------------------
     0 | D:1      | Ordine the Octopode Transmuter began the quest for the Orb.
     0 | D:1      | Reached XP level 1. HP: 13/13 MP: 3/3
   259 | D:1      | Reached XP level 2. HP: 7/18 MP: 5/5
   954 | D:1      | Reached XP level 3. HP: 21/23 MP: 7/7
   957 | D:1      | Reached skill level 3 in Spellcasting
  1093 | D:2      | Learned a level 3 spell: Spider Form
  1148 | D:2      | HP: 1/34 [poisoned by an adder]
  1594 | D:2      | Reached XP level 4. HP: 16/28 MP: 9/9
  1620 | D:2      | Learned a level 4 spell: Ice Form
  1937 | D:2      | Found a shattered altar of Ashenzari.
  1938 | D:2      | Found an ancient bone altar of Kikubaaqudgha.
  2007 | D:2      | Found a sacrificial altar of Ru.
  3379 | D:3      | Reached XP level 5. HP: 25/33 MP: 1/10
  3381 | D:3      | Reached skill level 4 in Spellcasting
  3600 | D:3      | Found a runed door.
  3600 | D:3      | Noticed a human
  3603 | D:3      | Found a basalt altar of Yredelemnul.
  4026 | D:2      | Found a basalt altar of Yredelemnul.
  4165 | D:3      | Reached XP level 6. HP: 30/38 MP: 9/12
  4612 | D:4      | Noticed a phantom
  4906 | D:4      | Killed a phantom
  4906 | D:4      | Reached skill level 5 in Spellcasting
  5421 | D:4      | Reached XP level 7. HP: 19/43 MP: 14/14
  5922 | D:4      | Found a staircase to the Ecumenical Temple.
  5928 | Temple   | Entered the Ecumenical Temple
  5934 | Temple   | Became a worshipper of Cheibriados the Contemplative
  6022 | D:5      | Entered Level 5 of the Dungeon
  6044 | D:5      | Found Cicor's Weapon Shop.
  6055 | D:5      | Bought 6 needles of sleeping for 33 gold pieces
  6086 | D:5      | Found Gisez's Antique Weapon Emporium.
  6117 | D:5      | Found an iron altar of Okawaru.
  6127 | D:5      | Noticed M4edhros's ghost (novice FoAM)
  6140 | D:5      | Killed M4edhros's ghost
  6140 | D:5      | Reached skill level 6 in Spellcasting
  6140 | D:5      | Reached skill level 5 in Transmutations
  6140 | D:5      | Reached XP level 8. HP: 27/48 MP: 12/17
  6204 | D:5      | Found Umiplig's Antique Armour Emporium.
  6703 | D:6      | Found a glowing drain.
  6718 | Sewer    | Entered a sewer
  6925 | Sewer    | Noticed Purgy
  6946 | Sewer    | Killed Purgy
  7273 | D:6      | Reached * piety under Cheibriados
  7948 | D:6      | Reached skill level 5 in Unarmed Combat
  7989 | D:6      | Reached skill level 7 in Spellcasting
  8036 | D:6      | Reached skill level 5 in Stealth
  8501 | D:6      | Found a bloodstained altar of Trog.
  8555 | D:6      | Reached XP level 9. HP: 52/53 MP: 14/19
  8774 | D:7      | Reached ** piety under Cheibriados
  9136 | D:7      | Noticed Joseph
  9148 | D:7      | Killed Joseph
  9426 | D:7      | Reached skill level 8 in Spellcasting
 10274 | D:7      | Reached *** piety under Cheibriados
 10620 | D:8      | Reached XP level 10. HP: 62/62 MP: 19/22
 10759 | D:8      | Found a sand-covered staircase.
 10769 | Ossuary  | Entered an ossuary
 10774 | Ossuary  | Noticed Ordine's ghost (amateur OpTm)
 10779 | Ossuary  | Killed Ordine's ghost
 11156 | D:8      | Noticed Ordine's ghost (novice OpTm)
 11171 | D:8      | Killed Ordine's ghost
 11171 | D:8      | Reached skill level 9 in Spellcasting
 11443 | D:8      | Reached **** piety under Cheibriados
 11932 | D:9      | Noticed a two-headed ogre
 11987 | D:9      | Found a burning altar of Makhleb.
 12703 | D:9      | Found a staircase to the Lair.
 12759 | D:9      | Reached ***** piety under Cheibriados
 12764 | D:9      | Killed a two-headed ogre
 12764 | D:9      | Reached skill level 5 in Dodging
 12764 | D:9      | Reached XP level 11. HP: 70/70 MP: 24/24
 12798 | D:9      | Noticed a two-headed ogre
 12804 | D:9      | Killed a two-headed ogre
 13110 | D:10     | Entered Level 10 of the Dungeon
 13672 | D:10     | Noticed Sonja
 13866 | D:5      | Bought a +9 blowgun for 544 gold pieces
 13951 | D:3      | Reached skill level 10 in Spellcasting
 14100 | Lair:1   | Entered Level 1 of the Lair of Beasts
 14138 | Lair:1   | Reached skill level 5 in Fighting
 14147 | Lair:1   | HP: 2/85 [komodo dragon (26)]
 14152 | Lair:1   | Demolished by a komodo dragon

Vault maps used:
D:1:      shiori_arrival_maze, grunt_decor_fettered
D:2:      nicolae_overflow_hidden_temple
D:3:      minivault_19, eino_tiny_chamber, dk_yredelemnul_ordeal
D:4:      minmay_temple_entry_enclosed_plants
D:5:      old_standard_altar, serial_shops, shop, shop, shop_fountains,
          first_bread
D:6:      overflow_temple_1_default, portal_sewer_entry_f
D:7:      the_bakery, uniq_joseph
D:8:      enter_ossuary_4
D:9:      lightli_temple_of_fire, lair_entry_dummy, minmay_unpleasant_kobolds
D:10:     uniq_sonja
Temple:   minmay_freezing_vapour_temple
Lair:1:   beast_lair_carwin_large_3
Sewer:    sewer_the_crocodile
Ossuary:  ossuary_minmay_four_chambers

Skill      XL: |  1  2  3  4  5  6  7  8  9 10 11 |
---------------+----------------------------------+-----
Spellcasting   | 3 4 5 6 7 8 9 10 | 10.1
Transmutations | 3 4 5 6 7 8 |  8.1
Stealth        | 3 5 6 8 |  8.8
Unarmed Combat | 4 5 6 7 |  7.4
Fighting       | 2 4 5 |  5.0
Dodging        | 3 5 |  5.6

Action                   |  1- 3 |  4- 6 |  7- 9 | 10-12 || total
-------------------------+-------+-------+-------+-------++-------
Melee: Unarmed           |    78 |   197 |   296 |   317 ||   888
       Constrict         |    20 |    32 |    21 |     6 ||    79
       Tentacles         |    12 |    13 |    21 |     8 ||    54
       Punch             |       |     3 |     1 |     1 ||     5
Throw: Stone             |     1 |     5 |     5 |     1 ||    12
 Cast: Spider Form       |       |    13 |     8 |       ||    21
       Beastly Appendage |       |     1 |       |       ||     1
       Ice Form          |       |       |    11 |    23 ||    34
Evoke: Wand              |       |       |     1 |       ||     1
  Use: Scroll            |     9 |     6 |     5 |     8 ||    28
       Potion            |     1 |       |     7 |     1 ||     9
 Stab: Sleeping          |     7 |     4 |     6 |     3 ||    20
       Distracted        |     1 |     1 |       |     2 ||     4
  Eat: Chunk             |     1 |    12 |    13 |     5 ||    31
       Fruit             |       |     1 |       |     1 ||     2
       Meat ration       |       |       |       |     1 ||     1
       Royal jelly       |       |       |       |     1 ||     1
Armor: Skin              |     6 |    13 |    38 |    55 ||   112
Dodge: Dodged            |    38 |   138 |   242 |   119 ||   537
Block: Other             |       |       |       |    15 ||    15
